 Dungeon Crawl Stone Soup version 0.29.0-4-gdea44cf6ec (webtiles) character file.

Game seed: 13567837047801663553

28 qw the Chopper (level 3, -2/21 HPs)
             Began as a Tengu Warper on Aug 28, 2022.
             Slain by Sigmund
             ... wielding a +4 scythe of pain
              (6 damage)
             ... on level 2 of the Dungeon.
             The game lasted 00:00:03 (1038 turns).

qw the Chopper (Tengu Warper)                       Turns: 1038, Time: 00:00:04

Health: -2/21      AC: 13    Str: 13    XL:     3   Next: 12%
Magic:  7/7        EV: 11    Int: 13    God:
Gold:   65         SH:  4    Dex: 13    Spells: 6/6 levels left

rFire   . . .      SeeInvis .   Y - +0 hand axe (protect)
rCold   . . .      Faith    .   g - +0 buckler
rNeg    . . .      Spirit   .   d - +3 leather armour
rPois   .          Reflect  .   (helmet restricted)
rElec   .          Harm     .   (no cloak)
rCorr   .          Rampage  .   (no gloves)
Will    .....                   (boots unavailable)
Stlth   +.........              (no amulet)
HPRegen 0.07/turn               (no ring)
MPRegen 0.10/turn               (no ring)

@: under a protective aura
A: beak, talons 3
a: no special abilities


You were on level 2 of the Dungeon.
You visited 1 branch of the dungeon, and saw 2 of its levels.

You collected 65 gold pieces.


Innate Abilities, Weirdness & Mutations

You have a beak for a mouth.
You have claws for feet.


   Skills:
 - Level 2.0 Fighting
 + Level 3.4 Axes
 - Level 1.0 Throwing
 - Level 1.1 Armour
 - Level 2.1 Dodging
 - Level 1.3 Shields
 - Level 2.0 Spellcasting
 - Level 2.4 Translocations


You had 6 spell levels left.
You didn't know any spells.
Your spell library contained the following spells:

 Spells                   Type           Power      Damage    Failure   Level
 Blink                    Tloc           14%        N/A       26%         2
 Gell's Gravitas          Tloc           7%         N/A       45%         3
 Lesser Beckoning         Tloc           7%         N/A       45%         3
 Teleport Other           Tloc           7%         N/A       45%         3
 Manifold Assault         Tloc           7%         N/A       99%         5

Inventory:

Hand Weapons
 h - a +0 mace
 Y - a +0 hand axe of protection (weapon)
Armour
 d - a +3 leather armour (worn)
 g - a +0 buckler (worn)
Scrolls
 a - a scroll of enchant weapon {unknown}
 b - a scroll of teleportation {unknown}
 c - a scroll of enchant armour {unknown}
Potions
 e - a potion of brilliance {unknown}
 f - a potion of attraction {unknown}

Dungeon Overview and Level Annotations

Branches:
Dungeon (2/15)

Altars:

Annotations:
D:2 Sigmund


Message History

Sigmund shouts!
The adder hisses angrily.
You closely miss the adder. Your kick misses the adder.
The adder closely misses you.
You hit the adder but do no damage.
Your weapon exudes an aura of protection.
The adder bites you.
You are poisoned.
The adder poisons you! The adder bites you but does no damage.
You barely miss the adder. You claw the adder.
The adder is lightly wounded.
You feel sick. The adder barely misses you.
Sigmund hits you but does no damage. The adder closely misses you.
You hit the adder. Your kick misses the adder. You peck the adder.
The adder is heavily wounded.
You feel sick. The adder closely misses you.
Sigmund says, "Don't worry, I'll kill you fast."
You block Sigmund's attack.
You hit the adder.
The adder is severely wounded.
You feel sick.
You are no longer poisoned.
A bat comes into view.
The adder bites you but does no damage.
The bat moves out of view.
You barely miss the adder.
The adder is severely wounded.
The adder bites you.
Sigmund hits you from afar with a +4 scythe of pain.
You writhe in agony.
The adder completely misses you.
You hit the adder.
You kill the adder!
Sigmund zaps a wand.
The bolt of dispelling energy hits you.
Your Shields skill increases to level 1!
You have reached level 3!
Your experience leads to an increase in your attributes!
Increase (S)trength, (I)ntelligence, or (D)exterity?
You feel stronger. x2
You block Sigmund's attack.
You barely miss Sigmund.
Sigmund hits you with a +4 scythe of pain.
You die...

# ## ###.
.###.#.
...#####.......
...#.@@......
#.#.#######.
#...# ###.###
#.#.#####
########..#.....
...........#####
..
########.......#
.. #.#####.# #.


You could see Sigmund.

Vanquished Creatures
  An adder (D:2)
  A dart slug (D:1)
  2 bats
  2 endoplasms (D:1)
  A giant cockroach (D:1)
  A hobgoblin (D:1)
  2 ball pythons (D:1)
  2 frilled lizards (D:1)
  2 kobolds (D:1)
  4 rats
18 creatures vanquished.

Notes
Turn   | Place    | Note
-------+----------+-------------------------------------------
     0 | D:1      | qw the Tengu Warper began the quest for the Orb.
     0 | D:1      | Reached XP level 1. HP: 12/12 MP: 4/4
     0 | D:1      | 0 ||| qw: Version: 0.1-a-89-g26bdef1
     0 | D:1      | 0 ||| qw: Game counter: 1015
     0 | D:1      | 0 ||| qw: Always use a shield: true
     0 | D:1      | 0 ||| qw: God list: Okawaru
     0 | D:1      | 0 ||| qw: Allow faded altars: false
     0 | D:1      | 0 ||| qw: Do Orc after D:15 true
     0 | D:1      | 0 ||| qw: Do second Lair branch before Depths: true
     0 | D:1      | 0 ||| qw: Lair rune preference: random
     0 | D:1      | 0 ||| qw: Plans: Normal
     0 | D:1      | 0 ||| PLANNING D:1-11
   374 | D:1      | Reached XP level 2. HP: 12/17 MP: 6/6
   496 | D:1      | Reached skill level 3 in Axes
   506 | D:1      | Found a faded altar of an unknown god.
   775 | D:1      | 775 ||| Stepping ~*~*~tactically~*~*~ (hiding).
   884 | D:1      | 884 ||| UPGRADING to +3 leather armour.
   894 | D:1      | 894 ||| DROPPING +0 leather armour.
   895 | D:1      | 895 ||| UPGRADING to +0 buckler.
   900 | D:1      | 900 ||| READING scroll labelled VUIMEL KUSTROR.
   901 | D:1      | 901 ||| DROPPING scroll of blinking.
  1029 | D:2      | Noticed Sigmund
  1036 | D:2      | HP: 3/17 [Sigmund/bolt of dispelling energy (2)]
  1037 | D:2      | Reached skill level 1 in Shields
  1037 | D:2      | Reached XP level 3. HP: 3/21 MP: 7/7
  1038 | D:2      | Slain by Sigmund

Levels and vault maps discovered:
D:1:      erik_arrival_blinker_ship, layout_loops_ring, basic_ecumenical_altar,
          wander_ebering_terrifying_dragon_lair
D:2:      layout_loops_ring, serial_aquarium, aquarium_bridge_square
          [aquarium_subvault_balcony, aquarium_subvault_window,
          aquarium_subvault_bridge, aquarium_subvault_bridge],
          aquarium_window_fake, aquarium_window_corridor_3,
          aquarium_window_fake, aquarium_window_1, aquarium_view_2e,
          aquarium_view_2e, aquarium_balcony_double_1,
          minmay_misc_feat_diagonals, uniq_sigmund, uniq_terence

Skill      XL: |  1  2 |
---------------+-------+-----
Axes           | 3 |  3.4
Shields        | 1 |  1.3
Fighting       | |  2.0
Throwing       | |  1.0
Armour         | |  1.1
Dodging        | |  2.1
Spellcasting   | |  2.0
Translocations | |  2.4

Action                   || total
-------------------------++-------
Melee: Hand axe          ||    29
       Peck              ||     5
       Kick              ||     5
Throw: Boomerang         ||     7
  Use: Scroll            ||     1
Armor: Leather armour    ||    10
Dodge: Dodged            ||    10
Block: Buckler           ||     2

Table legend:
 A = Non-vault XP
 B = Vault XP
 C = Vault XP percentage of total XP
 D = Non-vault monster count
 E = Vault monster count
 F = Vault count percentage of total count
                 A         B        C        D         E       F
            +---------+---------+-------+---------+---------+-------
      Total |      39 |       1 |   2.5 |      17 |       1 |   5.6
            +---------+---------+-------+---------+---------+-------
        D:1 |      22 |       1 |   4.3 |      13 |       1 |   7.1
        D:2 |      17 |       0 |   0.0 |       4 |       0 |   0.0
            +---------+---------+-------+---------+---------+-------
